 Dungeon Crawl Stone Soup version 0.18.1-48-g4cf74bf (webtiles) character file.

29967 theElss the Destroyer (level 13, 0/86 HPs)
             Began as a High Elf Conjurer on Aug 30, 2016.
             Was a High Priest of Vehumet.
             Splashed by an oklob plant's acid (13 damage)
             ... on level 6 of the Lair of Beasts on Sept 4, 2016.
             The game lasted 01:47:46 (25450 turns).

theElss the Destroyer (High Elf Conjurer)          Turns: 25450, Time: 01:47:47

Health: 0/86       AC:  1    Str:  9    XL:     13   Next: 18%
Magic:  6/31       EV: 18    Int: 25    God:    Vehumet [*****.]
Gold:   1316       SH:  6    Dex: 17    Spells: 5 memorised, 22 levels left

rFire  . . .     SeeInvis .     F - staff of cold
rCold  + . .     Gourm    .     a - +0 robe
rNeg   + . .     Faith    +     r - +0 buckler
rPois  .         Spirit   .     z - +1 helmet {Int+3}
rElec  .         Dismiss  .     X - +1 cloak {MR+}
rCorr  .         Reflect  .     h - +0 pair of gloves
SustAt .         Harm     .     G - +1 pair of boots
MR     ++...                    P - amulet of faith (curse)
Stlth  ++........               A - +3 ring of slaying
                                t - ring of positive energy

@: corroded, very resistant to hostile enchantments, unstealthy
A: no striking features
a: Renounce Religion


You were on level 6 of the Lair of Beasts.
You worshipped Vehumet.
Vehumet was extremely pleased with you.
You were not hungry.

You visited 3 branches of the dungeon, and saw 18 of its levels.
You also visited: Ossuary.

You collected 1316 gold pieces.

Inventory:

Armour
 a - a +0 robe (worn)
 h - a +0 pair of gloves (worn)
 r - a +0 buckler (worn)
 z - a +1 helmet of intelligence (worn)
 G - a +1 pair of boots (worn)
 X - a +1 cloak of magic resistance (worn)
Magical Staves
 u - an uncursed staff of air
 F - an uncursed staff of cold (weapon)
Jewellery
 j - an uncursed ring of flight
 t - a ring of positive energy (left hand)
 A - a +3 ring of slaying (right hand)
 H - an uncursed ring of protection from cold
 P - a cursed amulet of faith (around neck)
 Q - an uncursed ring of teleportation
Wands
 b - a wand of polymorph (8/24)
 p - a wand of digging (12/24)
Scrolls
 k - 2 scrolls of recharging {unknown}
 l - 4 scrolls of fear
 n - a scroll of immolation {unknown}
 q - 2 scrolls of enchant armour
 s - a scroll of brand weapon {unknown}
 w - 3 scrolls of teleportation
 y - 2 scrolls of blinking
 B - 3 scrolls of magic mapping {unknown}
 C - 7 scrolls of remove curse
 I - a scroll of acquirement {unknown}
 K - a scroll of fog {unknown}
 L - a scroll of amnesia {unknown}
 O - 2 scrolls of noise {unknown}
Potions
 d - 3 potions of haste
 e - 6 potions of brilliance
 f - 5 potions of curing
 g - 5 potions of flight
 m - 2 potions of might {unknown}
 v - a potion of invisibility {unknown}
 D - 4 potions of lignification
 M - 2 potions of agility
 U - 3 potions of heal wounds
Books
 i - the Handbook of Dislocated Cold
   (You found it on level 3 of the Lair of Beasts)

   Spells                             Type                      Level
   a - Recall                         Summoning/Translocation      3
   b - Simulacrum                     Ice/Necromancy               6
 J - a book of Necromancy

   Spells                             Type                      Level
   a - Pain                           Necromancy                   1
   b - Animate Skeleton               Necromancy                   1
   c - Vampiric Draining              Necromancy                   3
   d - Regeneration                   Charms/Necromancy            3
   e - Animate Dead                   Necromancy                   4
   f - Control Undead                 Necromancy                   4
Comestibles
 c - 6 bread rations
 o - 5 meat rations
 x - a slice of pizza
 E - 3 chunks of flesh
 N - 10 fruits


   Skills:
 - Level 7.1 Fighting
 - Level 8.0 Dodging
 - Level 2.1 Stealth
 - Level 6.0 Shields
 + Level 13.6 Spellcasting
 + Level 13.8 Conjurations
 - Level 3.0 Charms
 * Level 6.9 Fire Magic


You had 22 spell levels left.
You knew the following spells:

 Your Spells              Type           Power        Failure   Level  Hunger
a - Magic Dart            Conj           ####         0%          1    None
b - Iskenderun's Battles  Conj/Chrm      ######..     1%          5    ##.....
c - Searing Ray           Conj           ######       1%          2    None
d - Iskenderun's Mystic   Conj           ######..     1%          4    None
f - Fireball              Conj/Fire      ####......   1%          5    ##.....


Dungeon Overview and Level Annotations

Branches:
Dungeon (10/15)            Temple (1/1) D:5            Lair (7/8) D:8
 Shoals (0/4) Lair:3       Spider (0/4) Lair:4        Slime (0/6) Lair:6
    Orc (0/2) D:9

Altars:
Ashenzari
Cheibriados
Dithmenos
Elyvilon
Fedhas
Gozag
Kikubaaqudgha
Makhleb
Nemelex Xobeh
Okawaru
Pakellas
Qazlal
Ru
Sif Muna
Trog
Vehumet
Xom
Yredelemnul
Zin
The Shining One

Shops:
D:6 =   D:8 =   D:9 (

Annotations:
D:7 dvd's ghost, novice DEFE
Lair:6 exclusion: 2 oklob plants


Message History

The oklob plant is heavily damaged.
Casting: Fireball
Confirm with . or Enter, or press ? or * to list all spells.
Aiming: Fireball
Press: ? - help, Shift-Dir - straight line You feel a numb sensation.
The fireball explodes!
The fireball engulfs the oklob plant.
The oklob plant is severely damaged.
The fireball engulfs the oklob plant.
The oklob plant is almost destroyed.
Your battlesphere fires!
The barrage of energy hits the oklob plant.
The oklob plant is almost destroyed.
The oklob plant spits acid at you. The splash of acid hits you!
The acid corrodes you!
The acid burns!
The oklob plant spits acid at you. The splash of acid hits you!
* * * LOW HITPOINT WARNING * * *
The acid burns!
You die...

.P>.....# ...
PP......#P....P.P..P
#........PP....>...
.....>.....*.......
..................
.......#.#........
#......# .#......#
........##...##..#
................@###
...................#
.................###
.#.P.P...#
#####P...#
....#....#
.........##
..........# ..
[........##


You could see 2 oklob plants and a friendly battlesphere.

Vanquished Creatures
  3 hydras
  A catoblepas (Lair:3)
  An ugly thing (D:8)
  A griffon (Lair:5)
  9 elephants
  9 black mambas
  6 spiny frogs
  A rime drake (Lair:6)
  A torpor snail (Lair:4)
  10 komodo dragons
  Prince Ribbit (D:7)
  3 blink frogs (Lair:5)
  A slime creature (Lair:6)
  3 wraiths (D:7)
  23 yaks
  3 hippogriffs
  2 basilisks
  16 porcupines
  13 water moccasins
  A wasp (D:9)
  A sky beast (D:6)
  3 phantoms
  4 orc warriors
  2 ice beasts
  A black bear (D:10)
  3 wolves (Lair:5)
  A necrophage (D:10)
  7 ogres
  8 centaurs
  6 crocodiles
  12 giant frogs
  Blork the orc (D:6)
  A wyvern zombie (D:7)
  A scorpion (D:9)
  5 killer bees
  4 howler monkeys
  3 electric eels
  7 crimson imps
  A jelly (D:6)
  A centaur zombie (Ossuary)
  2 centaur skeletons
  6 hounds
  5 orc priests
  2 giant frog skeletons
  7 human zombies
  4 orc wizards
  8 iguanas
  Terence (D:2)
  Jessica (D:3)
  Ijyb (D:2)
  2 human skeletons (D:7)
  3 worker ants
  10 sheep
  3 big kobold zombies (Ossuary)
  A hound zombie (D:5)
  2 hound skeletons (D:4)
  3 mummies
  A worker ant zombie (D:6)
  15 adders
  3 gnolls (D:5)
  78 river rats
  2 shadow imps
  3 adder zombies (Ossuary)
  An adder skeleton (D:7)
  3 worms
  2 dart slugs
  6 giant geckos
  22 orcs
  12 bats
  4 giant cockroaches
  11 goblins
  8 hobgoblins
  3 jackals (D:1)
  2 kobolds
  3 quokkas
  4 ball pythons
  A giant gecko zombie (D:6)
  5 giant newts
  10 hobgoblin zombies (Ossuary)
  2 jackal skeletons (D:4)
  A jackal zombie (Ossuary)
  9 kobold zombies (Ossuary)
  7 orc zombies (Ossuary)
  2 quokka skeletons
  5 rats
  2 rat zombies (Ossuary)
  3 fungi (Lair:6)
  A plant (Lair:4)
472 creatures vanquished.

Vanquished Creatures (others)
  10 fungi
  9 plants
19 creatures vanquished.

Grand Total: 491 creatures vanquished

Notes
Turn   | Place    | Note
--------------------------------------------------------------
     0 | D:1      | theElss the High Elf Conjurer began the quest for the Orb.
     0 | D:1      | Reached XP level 1. HP: 11/11 MP: 4/4
   449 | D:1      | Reached XP level 2. HP: 17/17 MP: 2/6
   593 | D:1      | Learned a level 2 spell: Searing Ray
   601 | D:1      | Reached skill level 5 in Conjurations
  1389 | D:2      | Reached XP level 3. HP: 21/21 MP: 6/8
  1425 | D:2      | Noticed Terence
  1431 | D:2      | Killed Terence
  1558 | D:2      | Noticed Ijyb
  1566 | D:2      | Killed Ijyb
  1566 | D:2      | Reached XP level 4. HP: 27/27 MP: 0/9
  1646 | D:2      | Learned a level 4 spell: Iskenderun's Mystic Blast
  2576 | D:3      | Noticed Jessica
  2580 | D:3      | Killed Jessica
  2580 | D:3      | Reached XP level 5. HP: 31/31 MP: 5/11
  3008 | D:4      | Found an opulent altar of Gozag.
  3008 | D:4      | Noticed an ogre
  3387 | D:4      | Reached skill level 1 in Shields
  3457 | D:4      | Reached skill level 1 in Fighting
  3543 | D:4      | Found a sparkling altar of Nemelex Xobeh.
  3648 | D:4      | Found a deep blue altar of Sif Muna.
  3663 | D:4      | Reached XP level 6. HP: 36/38 MP: 7/13
  3799 | D:5      | Entered Level 5 of the Dungeon
  4143 | D:5      | Found a staircase to the Ecumenical Temple.
  4149 | Temple   | Entered the Ecumenical Temple
  4901 | D:5      | Reached XP level 7. HP: 39/44 MP: 6/15
  5051 | D:4      | Reached skill level 5 in Spellcasting
  6401 | D:5      | Reached XP level 8. HP: 51/51 MP: 6/17
  6749 | D:6      | Found a sand-covered staircase.
  6772 | Ossuary  | Entered an ossuary
  7800 | D:6      | Noticed Blork the orc
  7808 | D:6      | Killed Blork the orc
  7814 | D:6      | Found a shattered altar of Ashenzari.
  7865 | D:6      | Found a radiant altar of Vehumet.
  7876 | D:6      | Became a worshipper of Vehumet
  8228 | D:6      | Found Ocrom's Jewellery Shop.
  8696 | D:5      | Learned a level 5 spell: Iskenderun's Battlesphere
  8702 | D:6      | Reached XP level 9. HP: 58/58 MP: 16/20
  9402 | D:6      | Reached * piety under Vehumet
  9402 | D:6      | Offered knowledge of Freeze by Vehumet.
  9531 | D:7      | Noticed Prince Ribbit
  9536 | D:7      | Killed Prince Ribbit
  9596 | D:7      | Noticed dvd's ghost (novice DEFE)
  9953 | D:7      | Reached skill level 5 in Dodging
 10332 | D:7      | Reached skill level 5 in Fighting
 10786 | D:7      | Found an ancient bone altar of Kikubaaqudgha.
 11340 | D:8      | Found an iron altar of Okawaru.
 11345 | D:8      | Reached XP level 10. HP: 66/66 MP: 18/24
 11413 | D:8      | Found a shadowy altar of Dithmenos.
 11416 | D:8      | Found a staircase to the Lair.
 11736 | D:8      | Offered knowledge of Shock by Vehumet.
 11815 | D:8      | Found a snail-covered altar of Cheibriados.
 11942 | D:8      | Found Gyeroly's Jewellery Emporium.
 12306 | D:9      | Reached ** piety under Vehumet
 12430 | D:9      | Noticed a cyan ugly thing
 12751 | D:9      | Learned a level 5 spell: Fireball
 12826 | D:9      | Found a staircase to the Orcish Mines.
 12979 | D:9      | Reached skill level 10 in Conjurations
 13077 | D:9      | Found Deirukhecvar's Weapon Shop.
 13093 | D:9      | Reached skill level 5 in Shields
 13677 | D:10     | Entered Level 10 of the Dungeon
 14522 | D:10     | Offered knowledge of Conjure Flame by Vehumet.
 15114 | D:8      | Killed a purple ugly thing
 15114 | D:8      | Reached skill level 10 in Spellcasting
 15190 | Lair:1   | Entered Level 1 of the Lair of Beasts
 15198 | Lair:1   | Reached skill level 1 in Fire Magic
 15428 | Lair:1   | Reached *** piety under Vehumet
 15677 | Lair:1   | Noticed a spiny frog
 15683 | Lair:1   | Reached XP level 11. HP: 74/74 MP: 1/26
 15974 | Lair:1   | Offered knowledge of Static Discharge by Vehumet.
 16519 | Lair:1   | Reached skill level 1 in Charms
 17230 | Lair:2   | Noticed a seven-headed hydra
 17236 | Lair:2   | Killed a seven-headed hydra
 17984 | Lair:2   | Reached **** piety under Vehumet
 18072 | Lair:3   | Offered knowledge of Throw Icicle by Vehumet.
 18243 | Lair:3   | Identified the Handbook of Dislocated Cold
 19207 | Lair:3   | Found a staircase to the Shoals.
 19314 | Lair:3   | Noticed a catoblepas
 19320 | Lair:3   | Killed a catoblepas
 20182 | Lair:3   | Reached XP level 12. HP: 80/81 MP: 16/28
 21082 | Lair:4   | Reached skill level 5 in Fire Magic
 21527 | Lair:4   | Found a hole to the Spider Nest.
 21620 | Lair:4   | Reached ***** piety under Vehumet
 21620 | Lair:4   | Offered knowledge of Olgreb's Toxic Radiance by Vehumet.
 21744 | Lair:4   | Noticed a five-headed hydra
 21748 | Lair:4   | Killed a five-headed hydra
 24196 | Lair:6   | Noticed a catoblepas
 24198 | Lair:6   | Noticed a six-headed hydra
 24245 | Lair:7   | Noticed a seven-headed hydra
 24261 | Lair:7   | HP: 4/81 [poisoned by a black mamba]
 24267 | Lair:7   | HP: 4/81 [poisoned by a black mamba]
 24275 | Lair:7   | HP: 4/81 [poisoned by a black mamba]
 24307 | Lair:7   | Reached XP level 13. HP: 10/86 MP: 5/31
 25370 | Lair:6   | Found a staircase to the Slime Pits.
 25450 | Lair:6   | Splashed by an oklob plant's acid

Skill      XL: |  1  2  3  4  5  6  7  8  9 10 11 12 |
---------------+-------------------------------------+-----
Conjurations   | 5 6 7 8 9 11 12 13 | 13.8
Spellcasting   | 3 4 5 7 9 10 11 13 | 13.6
Shields        | 1 2 3 4 5 6 |  6.0
Fighting       | 1 2 4 5 6 7 |  7.1
Dodging        | 3 4 5 6 8 |  8.0
Fire Magic     | 1 4 6 |  6.9
Charms         | 2 3 |  3.0
Stealth        | |  2.1

Action                   |  1- 3 |  4- 6 |  7- 9 | 10-12 | 13-15 || total
-------------------------+-------+-------+-------+-------+-------++-------
Melee: Unarmed           |       |    33 |     5 |       |       ||    38
       Staff             |       |       |       |    18 |     1 ||    19
 Cast: Magic Dart        |    50 |   106 |   214 |   349 |     8 ||   727
       Searing Ray       |     1 |     6 |    72 |    45 |     1 ||   125
       Iskenderun's Myst |       |     7 |    35 |   145 |    26 ||   213
       Iskenderun's Batt |       |       |       |    62 |     7 ||    69
       Fireball          |       |       |       |    50 |    11 ||    61
  Use: Scroll            |       |     3 |     5 |    10 |     4 ||    22
  Eat: Chunk             |     2 |    10 |    11 |    37 |     3 ||    63
       Beef jerky        |       |     1 |     1 |       |       ||     2
       Pizza             |       |       |     3 |       |       ||     3
       Meat ration       |       |       |     2 |     2 |       ||     4
       Fruit             |       |       |       |     5 |     2 ||     7
Armor: Robe              |     1 |     1 |    28 |    34 |     2 ||    66
Dodge: Dodged            |     4 |     6 |   109 |   146 |     2 ||   267
Block: Buckler           |       |     6 |    45 |    63 |     7 ||   121
